cohdb
Replays
Latest Replays
All Replays
Popular Replays
Top Player Replays
Match Explorer
How It Works
Community
CoH3 Stats
Reddit
Sign in to upload your games and track your stats! →
Sign in with Steam
Match 42986337
Unlisted
Match 42986337
Overview
Messages
Build Orders
End
Scout Squad
Construct Weapon Support Center
Selects Advanced Infantry Battlegroup
M1919 Machine Gun Team
M1919 Machine Gun Team
M1919 Machine Gun Team
Infantry Support Center
M3 Armored Personnel Carrier
Engineer Squad
Selects Ammunition Storage
Construct Medical Station
M3 Armored Personnel Carrier
M3 Armored Personnel Carrier
M1919 Machine Gun Team
Selects M2A1 105mm Howitzer Emplacement
Selects Convert to Ranger Squad
Selects Frontline Medical Station
M1919 Machine Gun Team
Selects Infantry Assault
Improved M9 Bazooka Rockets
Tonimontana
desertBeliever
0
0
Comments
sign in to comment!
No comments posted yet!